 Dungeon Crawl Stone Soup version 0.30.1-11-g7821555f0a (webtiles) character file.

Game seed: 5310688473376871558

4037 eurytides the Spear-Bearer (level 10, -1/90 HPs)
             Began as a Minotaur Fighter on Nov 12, 2023.
             Was an Initiate of Gozag.
             Slain by an orc warrior
             ... wielding a +0 hand axe
              (4 damage)
             ... in a bailey.
             The game lasted 00:12:40 (5812 turns).

eurytides the Spear-Bearer (Minotaur Fighter)       Turns: 5812, Time: 00:12:41

Health: -1/90      AC: 21    Str: 25    XL:     10   Next: 4%
Magic:  9/9        EV:  8    Int: 11    God:    Gozag
Gold:   275        SH:  0    Dex: 10    Spells: 9/9 levels left

rFire   . . .        y - +1 halberd
rCold   . . .        (shield currently unavailable)
rNeg    + . .        C - +1 plate armour
rPois   .            v - +2 hat
rElec   .            z - +2 cloak
rCorr   .            (no gloves)
SInv    .            (no boots)
Will    .....        (no amulet) Stlth
                     f - +6 ring of intelligence
HPRegen 0.35/turn    g - ring of positive energy
MPRegen 0.11/turn

%: no passive effects
@: spiked, gold aura
A: horns 2, retaliatory headbutt
a: Renounce Religion, Potion Petition, Call Merchant, Bribe Branch


You were in a bailey.
You worshipped Gozag.
Gozag was aware of your devotion.
You visited 1 branch of the dungeon, and saw 7 of its levels.
You also visited: Sewer and Bailey.

You collected 1037 gold pieces.
You paid 762 gold pieces to Gozag.

Inventory:

Hand Weapons
 a - a +1 trident
 y - a +1 halberd (weapon)
Armour
 b - a +0 scale mail
 c - a +0 buckler
 v - a +2 hat (worn)
 z - a +2 cloak (worn)
 C - a +1 plate armour (worn)
Jewellery
 e - a ring of see invisible
 f - a +6 ring of intelligence (left hand)
 g - a ring of positive energy (right hand)
 k - a ring of resist corrosion
Wands
 m - a wand of paralysis (6)
Scrolls
 p - 2 scrolls of blinking
 r - 3 scrolls of noise
 s - 2 scrolls of magic mapping
 u - 4 scrolls of teleportation
 w - 2 scrolls of amnesia
Potions
 h - 10 potions of flight
 i - 5 potions of degeneration
 j - 3 potions of curing
 l - a potion of mutation
 n - a potion of invisibility
 q - a potion of attraction {unknown}
 x - a potion of brilliance
 A - 3 potions of lignification
 B - a potion of resistance {unknown}


   Skills:
 + Level 8.4 Fighting
 + Level 11.5 Polearms
 + Level 10.1 Armour
 + Level 2.2 Dodging
 + Level 1.8 Stealth
 + Level 4.9 Shields


You had 9 spell levels left.
You didn't know any spells.
Your spell library contained the following spells:

 Spells                   Type           Power      Damage    Failure   Level
 Summon Small Mammal      Summ           0%         N/A       98%         1
 Blink                    Tloc           0%         N/A       99%         2
 Lesser Beckoning         Tloc           0%         N/A       99%         2
 Momentum Strike          Conj/Tloc      0%         3d8       99%         2
 Call Canine Familiar     Summ           0%         N/A       100%        3
 Inner Flame              Hex/Fire       0%         N/A       100%        3
 Summon Guardian Golem    Hex/Summ       0%         N/A       100%        3
 Manifold Assault         Tloc           0%         N/A       100%        4
 Yara's Violent Unravell  Hex/Tmut       0%         3d3       100%        5
 Enfeeble                 Hex            0%         N/A       100%        7
 Storm Form               Tmut/Air       0%         N/A       100%        7


Dungeon Overview and Level Annotations

Branches:
Dungeon (8/15)             Temple (0/1) D:4           Sewer (visited)
 Bailey (1/1)
   Lair: D:8-11

Altars:
Ashenzari
Cheibriados
Gozag
Kikubaaqudgha
Makhleb
Okawaru
Sif Muna
Zin
The Shining One

Shops:
D:3 [   D:7 [


Innate Abilities, Weirdness & Mutations

You have a pair of horns on your head.
You reflexively headbutt those who attack you in melee.


Message History

You furiously retaliate!
You headbutt the orc warrior!
The kobold demonologist barely misses you.
You hit the kobold demonologist.
The kobold demonologist is moderately wounded.
The iron imp barely misses you.
The ice devil hits you but does no damage.
The orange demon stings you but does no damage.
The orc warrior hits you with a +0 hand axe.
The kobold demonologist mumbles some strange words.
The orc warrior hits you but does no damage.
You barely miss the kobold demonologist.
The kobold demonologist is moderately wounded.
The crimson imp laughs crazily.
The orange demon stings you but does no damage.
The ice devil hits you but does no damage.
The iron imp closely misses you.
You puncture the kobold demonologist! You headbutt the kobold demonologist!
The kobold demonologist is almost dead.
The orc warrior hits you with a +0 hand axe!
The red devil hits you from afar with a +0 trident.
Barbed spikes become lodged in your body.
The kobold demonologist hits you with a +0 battleaxe.
The orc warrior closely misses you. You furiously retaliate!
You headbutt the orc warrior! The orange demon stings you from afar.
The ice devil hits you. The ice devil freezes you!!
* * * LOW HITPOINT WARNING * * *
The iron imp hits you.
* * * LOW HITPOINT WARNING * * *
You puncture the kobold demonologist!
You kill the kobold demonologist!
The iron imp disappears in a puff of smoke!
The crimson imp disappears in a puff of smoke!
The shadow imp disappears in a puff of smoke!
The ice devil disappears in a puff of smoke!
The orange demon disappears in a puff of smoke!
The red devil disappears in a puff of smoke!
The orc is no longer distracted by gold.
The orc warrior hits you with a +0 hand axe.
You die...
Your body crumbles into a pile of gold.

.######.######..###≈≈≈≈≈
#? #...#.[[#....#≈≈≈≈≈
#...#.[[#....#≈≈≈≈≈
#8.8###+##)#'#≈≈≈≈≈
#...# #).#.~≈≈≈≈≈ #8§8#
#..#.~≈≈≈≈≈ #...#
#..#.~≈≈≈≈≈ #.oo#
#..#.~≈≈≈≈≈ ##@##
#).#.SS≈≈≈≈
#....$§§....#)##.~≈≈≈≈≈
#....o§§§...#.)#.~≈≈≈≈≈
#...........#8.#.~≈≈≈≈≈
#...........#..#.~≈≈≈≈≈
#############8.#.~≈≈≈≈≈
#######.....#.~≈≈≈≈≈
#.....#...8.#.~≈≈≈≈≈
#.....#.)...#.~≈≈≈≈≈


You could see 2 orc warriors and an orc.

Vanquished Creatures
  An orc high priest (Bailey)
  3 orc knights (Bailey)
  A kobold demonologist (Bailey)
  2 steam dragons
  2 water moccasins
  4 orc warriors (Bailey)
  A black bear (D:7)
  A sky beast (D:7)
  2 ogres
  A bullfrog (D:7)
  A wight (D:7)
  6 killer bees (D:7)
  3 hounds
  A gnoll bouda (D:5)
  2 orc priests
  2 sleepcaps
  2 iguanas
  7 gnolls
  11 adders
  4 river rats
  2 ufetubi
  3 worms
  12 orcs
  5 endoplasms
  5 giant cockroaches
  7 goblins
  8 hobgoblins
  5 jackals
  9 quokkas
  14 ball pythons
  11 bats
  4 frilled lizards
  12 kobolds
  4 rats
158 creatures vanquished.

Notes
Turn   | Place    | Note
-------+----------+-------------------------------------------
     0 | D:1      | eurytides the Minotaur Fighter began the quest for the Orb.
     0 | D:1      | Reached XP level 1. HP: 19/19 MP: 0/0
   145 | D:2      | Reached XP level 2. HP: 27/27 MP: 1/1
   204 | D:2      | Reached skill level 3 in Polearms
   204 | D:2      | Reached XP level 3. HP: 32/33 MP: 2/2
   680 | D:3      | Reached XP level 4. HP: 36/41 MP: 3/3
   724 | D:3      | Found Ovvi's Armour Boutique.
  1426 | D:3      | Found an opulent altar of Gozag.
  1426 | D:3      | Found a glowing silver altar of Zin.
  1442 | D:3      | Became a worshipper of Gozag Ym Sagoz the Greedy
  1502 | D:4      | Noticed an ogre
  1509 | D:4      | Killed an ogre
  1510 | D:4      | Reached skill level 4 in Polearms
  1510 | D:4      | Reached XP level 5. HP: 47/47 MP: 4/4
  1592 | D:4      | Reached skill level 5 in Armour
  1599 | D:4      | Found a staircase to the Ecumenical Temple.
  1823 | D:4      | Found a glowing golden altar of the Shining One.
  1827 | D:4      | Found an iron altar of Okawaru.
  1838 | D:4      | Found a shimmering blue altar of Sif Muna.
  1841 | D:4      | Found a snail-covered altar of Cheibriados.
  1842 | D:4      | Found an ancient bone altar of Kikubaaqudgha.
  1849 | D:4      | Found a broken altar of Ashenzari.
  1850 | D:4      | Found a burning altar of Makhleb.
  2214 | D:5      | Entered Level 5 of the Dungeon
  2253 | D:5      | Noticed a water moccasin
  2261 | D:5      | Killed a water moccasin
  2262 | D:5      | Reached skill level 5 in Polearms
  2262 | D:5      | Reached skill level 1 in Stealth
  2262 | D:5      | Reached XP level 6. HP: 55/55 MP: 5/5
  2364 | D:5      | Reached skill level 1 in Dodging
  2449 | D:5      | Found a glowing drain.
  2453 | Sewer    | Entered a sewer
  2719 | Sewer    | Reached skill level 5 in Fighting
  2912 | Sewer    | Reached XP level 7. HP: 49/61 MP: 6/6
  3487 | D:5      | Reached skill level 6 in Polearms
  4019 | D:5      | You fall into a shaft and drop 2 floors!
  4096 | D:7      | Found Wucsem's Armour Emporium.
  4123 | D:7      | Reached skill level 7 in Polearms
  4151 | D:7      | Reached XP level 8. HP: 58/68 MP: 7/7
  4318 | D:7      | Reached skill level 8 in Polearms
  4928 | D:8      | Reached skill level 9 in Polearms
  4941 | D:8      | Found a flagged portal.
  4976 | Bailey   | Entered a bailey
  5012 | Bailey   | Reached XP level 9. HP: 47/78 MP: 8/8
  5132 | Bailey   | Noticed an orc knight
  5145 | Bailey   | Killed an orc knight
  5146 | Bailey   | Reached skill level 10 in Polearms
  5290 | Bailey   | Noticed an orc knight
  5290 | Bailey   | Noticed an orc knight
  5295 | Bailey   | Noticed an orc high priest
  5301 | Bailey   | Killed an orc knight
  5316 | Bailey   | Killed an orc high priest
  5317 | Bailey   | Reached skill level 11 in Polearms
  5318 | Bailey   | Killed an orc knight
  5319 | Bailey   | Reached skill level 10 in Armour
  5319 | Bailey   | Reached XP level 10. HP: 21/90 MP: 9/9
  5794 | Bailey   | Found an iron altar of Okawaru.
  5805 | Bailey   | Noticed an orange demon
  5811 | Bailey   | HP: 3/90 [iron imp[a kobold demonologist] (5)]
  5812 | Bailey   | Slain by an orc warrior

Illustrated notes

Levels and vault maps discovered:
D:1:      spicycebolla_arrival_ecumenical, layout_basic
D:2:      layout_rooms, minmay_surrounded
D:3:      layout_loops_cross, grunt_temple_overflow_gold_and_silver,
          serial_shops, shop, corner_web_ring
D:4:      layout_basic, nicolae_overflow_hallway_of_the_gods,
          minmay_temple_entry_proselytizer
D:5:      layout_basic, gup_sewer_entry_spiral, st_stairs_14,
          minmay_misc_feat_doors
D:7:      layout_rooms, serial_shops, nicolae_shop_hallway_plus,
          kennysheep_generic_room_5
D:8:      layout_cave_pods, david_lair_generic, enter_bailey_4, uniq_joseph
Bailey:   bailey_axe_of_yendor_kennysheep, bailey

Skill      XL: |  1  2  3  4  5  6  7  8  9 |
---------------+----------------------------+-----
Armour         | 4 5 7 8 10 | 10.1
Fighting       | 4 5 6 8 |  8.4
Shields        | 4 |  4.9
Polearms       | 3 4 5 7 9 11 | 11.5
Stealth        | 1 |  1.8
Dodging        | 1 2 |  2.2

Action                     |  1- 3 |  4- 6 |  7- 9 | 10-12 || total
---------------------------+-------+-------+-------+-------++-------
  Melee: Trident           |    87 |   194 |    24 |       ||   305
         Headbutt          |     8 |    25 |    38 |     3 ||    74
         Halberd           |       |       |   198 |    18 ||   216
 Invoke: Potion Petition   |       |       |     2 |       ||     2
    Use: Scroll            |     4 |     6 |    10 |       ||    20
         Potion            |       |       |     3 |       ||     3
   Stab: Distracted        |       |       |     1 |       ||     1
 Armour: Scale mail        |    26 |    73 |    32 |       ||   131
         Plate armour      |       |       |   122 |    23 ||   145
  Dodge: Dodged            |    37 |    78 |   106 |    25 ||   246
  Block: Buckler           |    10 |    41 |     9 |       ||    60
